 Dungeon Crawl Stone Soup version 0.13-a0-2261-g830e84e (webtiles) character file.

289 Kae the Firebug (level 4, -2/24 HPs)
             Began as a Tengu Fire Elementalist on July 6, 2013.
             Killed from afar by Sigmund (9 damage)
             ... with a magic dart
             ... on Level 3 of the Dungeon.
             The game lasted 00:03:15 (2072 turns).

Kae the Firebug (Tengu Fire Elementalist)           Turns: 2072, Time: 00:03:15

HP  -2/24        AC  7     Str  8      XL: 4   Next: 67%
MP   1/9         EV 12     Int 17      God:
Gold 193         SH  0     Dex 14      Spells:  3 memorised,  1 level left

Res.Fire  : . . .   See Invis. : .   e - +2,+1 dagger (protect)
Res.Cold  : . . .   Warding    : +   a - +0 robe (curse)
Life Prot.: + . .   Conserve   : .   (no shield)
Res.Poison: .       Res.Corr.  : .   (helmet restricted)
Res.Elec. : .       Clarity    : .   (no cloak)
Sust.Abil.: . .     Spirit.Shd : .   (no gloves)
Res.Mut.  : .       Stasis     : .   (boots unavailable)
Res.Rott. : .       Flight     : .   m - cursed amulet of warding {unknown}
Saprovore : . . .                    (no ring)
                                     q - ring of wizardry

@: very slightly contaminated, slightly resistant to hostile enchantments,
fairly stealthy
A: beak, talons 3
a: no special abilities


You were on level 3 of the Dungeon.
You were not hungry.

You visited 1 branch of the dungeon, and saw 3 of its levels.

You collected 173 gold pieces.

Inventory:

Hand weapons
 e - a +2,+1 dagger of protection (weapon)
Armour
 a - a cursed +0 robe (worn)
Magical devices
 g - a wand of fire (7)
Comestibles
 c - 2 bread rations
 d - a meat ration
 h - a pear
 i - an apple
 j - a royal jelly
Scrolls
 f - a scroll of teleportation
 n - a scroll of identify {unknown}
 t - a scroll of noise {unknown}
 u - a scroll of curse weapon {unknown}
Jewellery
 m - a cursed amulet of warding (around neck) {unknown}
 q - a ring of wizardry (left hand)
Potions
 k - a potion of curing {unknown}
 l - 2 potions of speed {unknown}
 o - a potion of brilliance {unknown}
 p - a potion of beneficial mutation {unknown}
 r - 3 potions of heal wounds {unknown}
 s - a potion of degeneration {unknown}
Books
 b - a book of Flames

   Spells                             Type                      Level
   *Flame Tongue                      Conjuration/Fire             1
   *Throw Flame                       Conjuration/Fire             2
   *Conjure Flame                     Conjuration/Fire             3
   Inner Flame                        Hexes/Fire                   3
   Sticky Flame                       Conjuration/Fire             4
   Fireball                           Conjuration/Fire             5


   Skills:
 - Level 2.1 Dodging
 - Level 2.0 Stealth
 + Level 2.0 Spellcasting
 * Level 3.4 Conjurations
 * Level 4.5 Fire Magic


You had one spell level left.
You knew the following spells:

 Your Spells              Type           Power        Failure   Level  Hunger
a - Flame Tongue          Conj/Fire      ###..        1%          1    #......
b - Throw Flame           Conj/Fire      ###...       3%          2    ###....
c - Conjure Flame         Conj/Fire      ###.....     5%          3    ####...


Dungeon Overview and Level Annotations

Branches:
Dungeon (3/27)

Altars:

Annotations
D:3 Sigmund


Innate Abilities, Weirdness & Mutations

You have a beak for a mouth.
You have claws for feet.


Message History

The flame hits Sigmund.
Sigmund is moderately wounded.
Sigmund hits you from afar with a glowing scythe!
Casting: Flame Tongue
Confirm with . or Enter, or press ? or * to list all spells.
Aiming: Conjure Flame
Press: ? - help, Dir - move target cursor, p - Sigmund The fire roars!
Sigmund hits you from afar with a glowing scythe.
* * * LOW HITPOINT WARNING * * *
Casting: Conjure Flame
Confirm with . or Enter, or press ? or * to list all spells.
Aiming: Flame Tongue
Press: ? - help, Shift-Dir - straight line, f - Sigmund
Aim: Sigmund, wielding a glowing scythe and wearing a robe (moderately wounded)
The flame hits Sigmund.
Sigmund is severely wounded.
Sigmund gestures at you while chanting. The magic dart hits you!
You die...

#####......##..........####
.....####.# .#.##.#.#. #
#####.####.# ....<.... #
...........# # ###### #
####..####.# # # #@# # #ยง#
# #.# # #@# # #....# ####.#
#.# ..# ###


You could see Sigmund.

Vanquished Creatures
  2 adders (D:3)
  A worm (D:2)
  4 giant geckos
  An ooze (D:3)
  An orc (D:3)
  8 bats
  4 giant cockroaches
  8 hobgoblins
  7 jackals
  5 giant newts
  8 goblins
  9 kobolds
  2 quokkas (D:3)
  4 rats
64 creatures vanquished.

Notes
Turn   | Place    | Note
--------------------------------------------------------------
     0 | D:1      | Kae, the Tengu Fire Elementalist, began the quest for the Orb.
     0 | D:1      | Reached XP level 1. HP: 10/10 MP: 3/3
   279 | D:1      | Reached XP level 2. HP: 12/15 MP: 3/5
   574 | D:1      | Reached XP level 3. HP: 19/19 MP: 5/7
   634 | D:1      | Reached skill level 4 in Fire Magic
  1419 | D:3      | Reached XP level 4. HP: 12/24 MP: 8/8
  1914 | D:3      | Learned a level 2 spell: Throw Flame
  1918 | D:3      | Learned a level 3 spell: Conjure Flame
  2062 | D:3      | Noticed Sigmund
  2072 | D:3      | Killed from afar by Sigmund

Action                   |  1- 3 |  4- 6 || total
-------------------------+-------+-------++-------
Melee: Unarmed           |     3 |       ||     3
       Dagger            |    49 |    22 ||    71
 Cast: Flame Tongue      |    61 |    26 ||    87
       Conjure Flame     |       |     1 ||     1
Evoke: Wand              |     1 |       ||     1
  Use: Scroll            |     4 |       ||     4
 Stab: Sleeping          |     1 |       ||     1
